 Dungeon Crawl Stone Soup version 0.29.0-4-gdea44cf6ec (webtiles) character file.

Game seed: 1932379215977437223

1600 qw the Grappler (level 8, -4/85 HPs)
             Began as a Troll Cinder Acolyte on Aug 30, 2022.
             Was an Elder of Ignis.
             Succumbed to a gnoll sergeant's poison
             ... on level 5 of the Dungeon.
             The game lasted 00:02:10 (3659 turns).

qw the Grappler (Troll Cinder Acolyte)              Turns: 3659, Time: 00:02:11

Health: -4/85      AC: 11    Str: 25    XL:     8   Next: 62%
Magic:  8/8        EV:  9    Int: 10    God:    Ignis [****..]
Gold:   37         SH:  0    Dex:  5    Spells: 9/9 levels left

rFire   + . .      SeeInvis +     - Unarmed
rCold   . . .      Faith    .   (no shield)
rNeg    . . .      Spirit   .   a - +0 robe
rPois   .          Reflect  .   (helmet restricted)
rElec   .          Harm     .   (no cloak)
rCorr   .          Rampage  .   (gloves unavailable)
Will    .....                   (boots unavailable)
Stlth   +.........              (no amulet)
HPRegen 1.04/turn               (no ring)
MPRegen 0.11/turn               (no ring)

@: lethally poisoned (-4 -> -21), fiery-armoured
A: large, unfitting armour, claws 3, regeneration 1, shaggy fur 1, tough skin 1,
see invisible, robust 1
a: Renounce Religion, Fiery Armour, Foxfire Swarm, Rising Flame


You were on level 5 of the Dungeon.
You worshipped Ignis.
Ignis was greatly pleased with you.
You visited 1 branch of the dungeon, and saw 5 of its levels.

You collected 213 gold pieces.
You spent 176 gold pieces at shops.


Innate Abilities, Weirdness & Mutations

You are too large for most types of armour.
You have claws for hands.
Your natural rate of healing is unusually fast.
You are covered in fur. (AC +1)
You have tough skin. (AC +1)
You have supernaturally acute eyesight. (SInv)
You are robust. (+10% HP)


   Skills:
 - Level 4.0 Fighting
 - Level 1.0 Throwing
 - Level 1.0 Dodging
 + Level 10.4 Unarmed Combat
 - Level 1.0 Spellcasting
 - Level 2.1 Fire Magic


You had 9 spell levels left.
You didn't know any spells.
Your spell library contained the following spells:

 Spells                   Type           Power      Damage    Failure   Level
 Scorch                   Fire           8%         2d5       22%         2

Inventory:

Missiles
 c - a boomerang (quivered)
Armour
 a - a +0 robe (worn)
Scrolls
 b - a scroll of identify
Potions
 d - a potion of invisibility {unknown}
 e - 3 potions of curing
 f - a potion of mutation
 g - a potion of haste

Dungeon Overview and Level Annotations

Branches:
Dungeon (5/15)
 Temple: D:4-7

Altars:

Shops:
D:3 (   D:5 !

Annotations:
D:3 2 runed translucent doors, Crazy Yiuf; qw's ghost, amateur TeWr


Message History

You are more poisoned.
The gnoll barely misses you.
Things that are here:
a +0 whip; a +0 flail; a gnoll corpse You scratch the gnoll sergeant.
The gnoll sergeant is lightly wounded.
You feel extremely sick. The gnoll closely misses you.
The gnoll sergeant hits you with a +5 spear of venom!
You are more poisoned.
3655 ||| INVOKING Fiery Armour.
A protective cloak of flame settles atop you.
You feel extremely sick. The gnoll hits you but does no damage.
The gnoll is burned by your cloak of flames.
The gnoll is lightly wounded.
The gnoll sergeant completely misses you.
You closely miss the gnoll sergeant.
The gnoll sergeant is lightly wounded.
You feel very sick.
You closely miss the gnoll sergeant. You claw the gnoll sergeant!
The gnoll sergeant is heavily wounded.
You feel very sick.
The gnoll sergeant hits you with a +5 spear of venom!
The gnoll hits you but does no damage.
The gnoll is burned by your cloak of flames.
The gnoll is severely wounded.
You closely miss the gnoll.
The gnoll is severely wounded.
You feel very sick.
The gnoll sergeant hits you with a +5 spear of venom.
You are more poisoned.
The gnoll sergeant is burned by your cloak of flames.
The gnoll sergeant is severely wounded.
The gnoll hits you but does no damage.
The gnoll is burned by your cloak of flames.
The gnoll is almost dead.
You mangle the gnoll!!
You kill the gnoll!
You die...

#...##.#..........#
#...##.#..........# #
#...##.#......#.#.# #
#...##.#.....##.#.# #
#...##..........#.# # #...
#.......##.#.#####
#)#..........#....
#.#.######.#.#.... #@#..
#.#.#....
#.....g).....##.#.####.
........#............##<###
#.
.........#.......)....##.##
#.
.........###############..#
###. .........#
#######..###... .........#
#.............. .........#
######........###.##
.........# #...##........#
#.#


You could see a gnoll sergeant.

Vanquished Creatures
  Grinder (D:3)
  Sigmund (D:5)
  3 black bears
  2 centaurs
  A phantom (D:4)
  2 scorpions
  3 orc priests
  2 hounds
  A gnoll bouda (D:4)
  Ijyb (D:3)
  Terence (D:3)
  5 orc wizards
  14 gnolls
  7 adders
  3 dart slugs
  10 orcs
  5 bats
  10 endoplasms
  3 giant cockroaches
  4 hobgoblins
  2 jackals (D:2)
  10 kobolds
  2 quokkas
  4 ball pythons
  A frilled lizard (D:3)
  8 goblins
  6 rats
112 creatures vanquished.

Vanquished Creatures (others)
  5 toadstools (D:1)
5 creatures vanquished.

Grand Total: 117 creatures vanquished

Notes
Turn   | Place    | Note
-------+----------+-------------------------------------------
     0 | D:1      | qw the Troll Cinder Acolyte began the quest for the Orb.
     0 | D:1      | Reached XP level 1. HP: 22/22 MP: 1/1
     0 | D:1      | 0 ||| qw: Version: 0.1-a-95-gae9e614
     0 | D:1      | 0 ||| qw: Game counter: 4373
     0 | D:1      | 0 ||| qw: Always use a shield: true
     0 | D:1      | 0 ||| qw: God list: Okawaru
     0 | D:1      | 0 ||| qw: Allow faded altars: false
     0 | D:1      | 0 ||| qw: Do Orc after D:15 true
     0 | D:1      | 0 ||| qw: Do second Lair branch before Depths: true
     0 | D:1      | 0 ||| qw: Lair rune preference: random
     0 | D:1      | 0 ||| qw: Plans: Normal
     0 | D:1      | 0 ||| PLANNING D:1-11
    80 | D:1      | 80 ||| Stepping ~*~*~tactically~*~*~ (hiding).
   248 | D:1      | Reached XP level 2. HP: 24/29 MP: 2/2
   256 | D:1      | 256 ||| Stepping ~*~*~tactically~*~*~ (stealth).
   271 | D:1      | Found a faded altar of an unknown god.
   517 | D:1      | Reached skill level 4 in Unarmed Combat
   746 | D:1      | 746 ||| READING scroll labelled UTIF ROIHIERPHA.
   749 | D:1      | 749 ||| READING scroll labelled MORAOHAORY.
   750 | D:1      | 750 ||| READING scroll labelled ZOMOTR UNIMM.
   751 | D:1      | 751 ||| READING scroll labelled IHYUSK FOBEMU.
   752 | D:1      | 752 ||| DRINKING 3 fuming white potions.
   752 | D:1      | Gained mutation: Armour fits poorly on your strangely
                  | shaped body. [potion of mutation]
   752 | D:1      | Gained mutation: You are agile. (Dex +4, Str/Int -1)
                  | [potion of mutation]
   753 | D:1      | 753 ||| DRINKING 2 potions of mutation.
   753 | D:1      | Lost mutation: Armour fits poorly on your strangely shaped
                  | body. [potion of mutation]
   753 | D:1      | Lost mutation: You are agile. (Dex +4, Str/Int -1) [potion
                  | of mutation]
   753 | D:1      | Gained mutation: You have supernaturally acute eyesight.
                  | (SInv) [potion of mutation]
   753 | D:1      | Gained mutation: You are robust. (+10% HP) [potion of
                  | mutation]
   852 | D:2      | 852 ||| Stepping ~*~*~tactically~*~*~ (stealth).
   863 | D:2      | 863 ||| Stepping ~*~*~tactically~*~*~ (stealth).
   864 | D:2      | 864 ||| Stepping ~*~*~tactically~*~*~ (stealth).
   870 | D:2      | Reached XP level 3. HP: 39/39 MP: 3/3
  1155 | D:2      | 1155 ||| Stepping ~*~*~tactically~*~*~ (hiding).
  1156 | D:2      | 1156 ||| Stepping ~*~*~tactically~*~*~ (hiding).
  1293 | D:2      | Reached XP level 4. HP: 46/48 MP: 4/4
  1307 | D:2      | 1307 ||| Stepping ~*~*~tactically~*~*~ (stealth).
  1340 | D:2      | Reached skill level 5 in Unarmed Combat
  1387 | D:2      | 1387 ||| Stepping ~*~*~tactically~*~*~ (stealth).
  1390 | D:2      | 1390 ||| Stepping ~*~*~tactically~*~*~ (stealth).
  1391 | D:2      | 1391 ||| Stepping ~*~*~tactically~*~*~ (stealth).
  1658 | D:2      | 1658 ||| READING 2 scrolls of identify.
  1658 | D:2      | 1658 ||| IDENTIFYING white potion
  1659 | D:2      | 1659 ||| DROPPING potion of degeneration.
  1709 | D:3      | Found Lyuxyes's Antique Weapon Boutique.
  1711 | D:3      | 1711 ||| STAIRDANCE
  1724 | D:3      | Noticed Ijyb
  1725 | D:3      | 1725 ||| STAIRDANCE
  1739 | D:3      | 1739 ||| STAIRDANCE
  1763 | D:3      | Killed Ijyb
  1764 | D:3      | Reached XP level 5. HP: 53/55 MP: 5/5
  1765 | D:3      | 1765 ||| Stepping ~*~*~tactically~*~*~ (hiding).
  1867 | D:3      | 1867 ||| Stepping ~*~*~tactically~*~*~ (stealth).
  1912 | D:3      | 1912 ||| Stepping ~*~*~tactically~*~*~ (stealth).
  1976 | D:3      | Noticed Grinder
  1978 | D:3      | 1978 ||| Stepping ~*~*~tactically~*~*~ (outnumbered).
  1984 | D:3      | Killed Grinder
  1985 | D:3      | Reached skill level 7 in Unarmed Combat
  1985 | D:3      | Reached XP level 6. HP: 61/64 MP: 6/6
  1997 | D:3      | Noticed Terence
  1998 | D:3      | 1998 ||| Stepping ~*~*~tactically~*~*~ (hiding).
  1999 | D:3      | 1999 ||| INVOKING Fiery Armour.
  2001 | D:3      | 2001 ||| Stepping ~*~*~tactically~*~*~ (hiding).
  2011 | D:3      | 2011 ||| Stepping ~*~*~tactically~*~*~ (outnumbered).
  2012 | D:3      | 2012 ||| Stepping ~*~*~tactically~*~*~ (outnumbered).
  2020 | D:3      | Killed Terence
  2087 | D:3      | 2087 ||| Stepping ~*~*~tactically~*~*~ (stealth).
  2088 | D:3      | 2088 ||| Stepping ~*~*~tactically~*~*~ (stealth).
  2092 | D:3      | 2092 ||| Stepping ~*~*~tactically~*~*~ (stealth).
  2119 | D:3      | Found a runed translucent door.
  2137 | D:3      | 2137 ||| Stepping ~*~*~tactically~*~*~ (hiding).
  2139 | D:3      | 2139 ||| Stepping ~*~*~tactically~*~*~ (hiding).
  2141 | D:3      | 2141 ||| Stepping ~*~*~tactically~*~*~ (hiding).
  2154 | D:3      | 2154 ||| Stepping ~*~*~tactically~*~*~ (stealth).
  2163 | D:3      | 2163 ||| Stepping ~*~*~tactically~*~*~ (stealth).
  2164 | D:3      | 2164 ||| Stepping ~*~*~tactically~*~*~ (hiding).
  2172 | D:3      | 2172 ||| INVOKING Fiery Armour.
  2176 | D:3      | Reached skill level 8 in Unarmed Combat
  2176 | D:3      | Reached XP level 7. HP: 64/72 MP: 7/7
  2182 | D:3      | 2182 ||| FLEEEEING.
  2183 | D:3      | 2183 ||| FLEEEEING.
  2184 | D:3      | 2184 ||| FLEEEEING.
  2185 | D:3      | 2185 ||| FLEEEEING.
  2187 | D:3      | 2187 ||| FLEEEEING.
  2188 | D:3      | 2188 ||| FLEEEEING.
  2189 | D:3      | 2189 ||| FLEEEEING.
  2190 | D:3      | 2190 ||| FLEEEEING.
  2191 | D:3      | 2191 ||| FLEEEEING.
  2192 | D:3      | 2192 ||| FLEEEEING.
  2193 | D:3      | 2193 ||| FLEEEEING.
  2194 | D:3      | 2194 ||| FLEEEEING.
  2195 | D:3      | 2195 ||| STAIRDANCE
  2208 | D:2      | 2208 ||| READING scroll labelled VITAEJ LUTE.
  2209 | D:2      | 2209 ||| READING 2 scrolls of identify.
  2209 | D:2      | 2209 ||| IDENTIFYING sapphire potion
  2210 | D:2      | 2210 ||| DROPPING potion of flight.
  2266 | D:3      | Found a runed translucent door.
  2267 | D:3      | Noticed Crazy Yiuf
  2364 | D:3      | Noticed qw's ghost (amateur TeWr)
  2455 | D:3      | Reached skill level 3 in Fighting
  2497 | D:3      | 2497 ||| READING scroll labelled REMEYSKEOKO.
  2498 | D:3      | 2498 ||| DRINKING 2 smoky emerald potions.
  2499 | D:3      | 2499 ||| DROPPING potion of attraction.
  2500 | D:3      | 2500 ||| Stepping randomly (stuck).
  2501 | D:3      | 2501 ||| Stepping ~*~*~tactically~*~*~ (cloud).
  2619 | D:4      | 2619 ||| Stepping ~*~*~tactically~*~*~ (stealth).
  2622 | D:4      | 2622 ||| Stepping ~*~*~tactically~*~*~ (stealth).
  2674 | D:4      | Reached skill level 9 in Unarmed Combat
  2745 | D:4      | Reached skill level 1 in Throwing
  2747 | D:4      | 2747 ||| INVOKING Fiery Armour.
  2754 | D:4      | Reached skill level 1 in Dodging
  2812 | D:4      | Reached XP level 8. HP: 79/82 MP: 8/8
  3245 | D:5      | Entered Level 5 of the Dungeon
  3309 | D:5      | Found Meohuth's Distillery.
  3317 | D:5      | 3317 ||| BUYING 2 potions of curing (66 gold).
  3317 | D:5      | Bought 2 potions of curing for 66 gold pieces
  3317 | D:5      | 3317 ||| BUYING potion of haste (110 gold).
  3317 | D:5      | Bought a potion of haste for 110 gold pieces
  3317 | D:5      | 3317 ||| SHOPLISTING potion of heal wounds (55 gold, have
                  | 28).
  3317 | D:5      | 3317 ||| SHOPLISTING potion of might (44 gold, have 28).
  3355 | D:5      | Noticed Sigmund
  3356 | D:5      | 3356 ||| Stepping ~*~*~tactically~*~*~ (hiding).
  3368 | D:5      | Killed Sigmund
  3369 | D:5      | Reached skill level 10 in Unarmed Combat
  3412 | D:5      | 3412 ||| Stepping ~*~*~tactically~*~*~ (hiding).
  3413 | D:5      | 3413 ||| Stepping ~*~*~tactically~*~*~ (hiding).
  3414 | D:5      | 3414 ||| Stepping ~*~*~tactically~*~*~ (hiding).
  3430 | D:5      | 3430 ||| Stepping ~*~*~tactically~*~*~ (hiding).
  3431 | D:5      | 3431 ||| Stepping ~*~*~tactically~*~*~ (hiding).
  3432 | D:5      | 3432 ||| Stepping ~*~*~tactically~*~*~ (hiding).
  3655 | D:5      | 3655 ||| INVOKING Fiery Armour.
  3656 | D:5      | HP: 19/85 [poisoned by a gnoll sergeant]
  3657 | D:5      | HP: 7/85 [gnoll sergeant/+5 spear of venom (9)]
  3658 | D:5      | HP: 3/85 [poisoned by a gnoll sergeant]
  3658 | D:5      | HP: 1/85 [gnoll sergeant/+5 spear of venom (2)]
  3659 | D:5      | Succumbed to a gnoll sergeant's poison

Levels and vault maps discovered:
D:1:      ldierk_walled_garden, layout_basic, chequers_ecumenical_altar_island
D:2:      layout_loops_corners
D:3:      layout_rooms, serial_shops, nicolae_shop_trees,
          ebering_ghost_reflecting_pool, minmay_misc_feat_more_columns,
          uniq_crazy_yiuf_cottage, uniq_grinder, uniq_terence, uniq_ijyb
D:4:      layout_basic
D:5:      layout_basic, minmay_temple_entry_grid, serial_shops,
          nicolae_shop_stone, uniq_sigmund

Skill      XL: |  1  2  3  4  5  6  7  8 |
---------------+-------------------------+-----
Unarmed Combat | 4 5 7 8 9 10 | 10.4
Fighting       | 3 4 |  4.0
Throwing       | 1 |  1.0
Dodging        | 1 |  1.0
Spellcasting   | |  1.0
Fire Magic     | |  2.1

Action                   |  1- 3 |  4- 6 |  7- 9 || total
-------------------------+-------+-------+-------++-------
Melee: Unarmed           |    94 |   103 |    99 ||   296
       Punch             |       |     6 |     5 ||    11
Throw: Boomerang         |       |    25 |    33 ||    58
Invok: Fiery Armour      |       |     2 |     2 ||     4
  Use: Scroll            |     4 |     1 |     3 ||     8
       Potion            |     2 |       |     1 ||     3
Armor: Robe              |    43 |    25 |    29 ||    97
Dodge: Dodged            |    30 |    30 |    33 ||    93

Table legend:
 A = Non-vault XP
 B = Vault XP
 C = Vault XP percentage of total XP
 D = Non-vault monster count
 E = Vault monster count
 F = Vault count percentage of total count
                 A         B        C        D         E       F
            +---------+---------+-------+---------+---------+-------
      Total |    1724 |     576 |  25.0 |     108 |       4 |   3.6
            +---------+---------+-------+---------+---------+-------
        D:1 |      36 |       0 |   0.0 |      20 |       0 |   0.0
        D:2 |     129 |       0 |   0.0 |      26 |       0 |   0.0
        D:3 |     414 |     353 |  46.0 |      31 |       3 |   8.8
        D:4 |     587 |       0 |   0.0 |      17 |       0 |   0.0
        D:5 |     558 |     223 |  28.6 |      14 |       1 |   6.7
            +---------+---------+-------+---------+---------+-------
